AoeStats
← Superisma88

Arena

506044533Analyzed
3v3 RM · 19d ago on Sep 12, 2026· 46m 50s· 6 players
Game mode
Random Map
Map size
Normal (6 player)
Population
200
Speed
Normal
Resources
Standard
Victory
Conquest
Starting age
Dark Age
Ending age
Imperial Age
RankedLock teamsTeams togetherTeam positionsShared explorationLock speedFull tech treeHidden civsTurbo modeCheats
Victory
Defeat
🇧🇾 Turks · Belarus
981
+9
🇩🇴 Franks · Dominican Republic
968
+9
🇦🇷 Maya · Argentina
878
+12
🇲🇽 Franks · Mexico
839
-11
🇲🇽 Spanish · Mexico
832
-30
🇬🇧 Lithuanians · United Kingdom
759
-8
Firthunands
9:28 Loom
11:28 Feudal Age
16:21 Castle Age
17:43 Scale Barding Armor
19:07 Forging
20:56 Double-Bit Axe
21:22 Man-at-Arms
24:26 Chain Barding Armor
25:27 Long Swordsman
26:45 Iron Casting
29:11 Gambesons
29:57 Scale Mail Armor
34:42 Chain Mail Armor
37:29 Husbandry
37:46 Arson
39:10 Pikeman
41:34 Squires
44:43 Imperial Age
Superisma88
0:26 Loom
13:09 Feudal Age
15:06 Horse Collar
15:18 Double-Bit Axe
21:13 Castle Age
23:15 Heavy Plow
35:39 Inquisition
38:30 Imperial Age
36:39 Wheelbarrow
36:01 Fletching
36:21 Forging
37:53 Hand Cart
39:57 Hoardings
39:24 Stone Mining
39:25 Gold Mining
40:28 Iron Casting
40:00 Scale Barding Armor
39:51 Bodkin Arrow
39:57 Padded Archer Armor
40:47 Stone Shaft Mining
41:32 Husbandry
41:42 Bloodlines
40:53 Light Cavalry
42:56 Murder Holes
43:12 Fortified Wall
43:22 Ballistics
44:03 Chemistry
43:15 Masonry
45:38 Hoardings
45:24 Conscription
45:08 Bracer
46:08 Blast Furnace
45:30 Chain Barding Armor
45:19 Squires
45:05 Gambesons
44:41 Pikeman
ANUARCHEMO233
8:38 Loom
21:07 Feudal Age
24:56 Town Watch
28:14 Castle Age
30:53 Bloodlines
WillY
10:35 Feudal Age
11:19 Double-Bit Axe
14:37 Scale Barding Armor
14:46 Forging
21:27 Wheelbarrow
23:54 Castle Age
24:31 Scale Mail Armor
25:31 Hand Cart
25:01 Loom
25:31 Bow Saw
24:55 Pikeman
26:57 Gold Mining
27:47 Stone Mining
31:52 Husbandry
34:26 Imperial Age
32:15 Scale Barding Armor
33:40 Iron Casting
33:25 Chain Barding Armor
33:48 Gold Shaft Mining
34:29 Cavalier
35:34 Conscription
37:00 Plate Barding Armor
37:26 Blast Furnace
35:58 Paladin
42:06 Chivalry
45:34 Hoardings
44:50 Town Watch
44:57 Fletching
45:31 Fervor
Ezer
0:29 Loom
12:29 Feudal Age
19:44 Castle Age
18:52 Gold Mining
19:16 Double-Bit Axe
19:56 Stone Mining
19:50 Horse Collar
26:21 Fletching
27:25 Ballistics
31:51 Wheelbarrow
33:35 Hand Cart
38:41 Imperial Age
35:57 Town Watch
37:50 Bloodlines
37:48 Husbandry
39:52 Forging
39:47 Scale Barding Armor
40:07 Heavy Camel Rider
43:35 Chain Barding Armor
44:22 Iron Casting
45:40 Plate Barding Armor
46:54 Blast Furnace
CHAMACO
3:32 Loom
10:36 Feudal Age
11:13 Double-Bit Axe
11:12 Horse Collar
20:41 Castle Age
19:31 Scale Mail Armor
19:42 Forging
31:34 Fletching
32:47 Bodkin Arrow
Connection lost

Rejoining the realm…

Still unreachable

The connection could not be restored.

Session expired

The server has moved on; the page needs a fresh start.